[Event "December 5 Early 2023"]
[Site "https://www.chess.com"]
[Date "2023.12.05"]
[Round "10"]
[White "Topalov, Aleksandar"]
[Black "Belov, Alexei"]
[Result "0-1"]
[Board "95"]
[TimeControl "180+1"]
[WhiteFideId "925659"]
[BlackFideId "4128206"]
[WhiteElo "2427"]
[BlackElo "2620"]
[WhiteTeam "SRB"]
[BlackTeam "RUS"]
[WhiteClock "0:00:00"]
[BlackClock "0:00:17"]

1. b3 d5 2. Bb2 Nf6 3. Nf3 e6 4. e3 Be7 5. d4 O-O 6. Nbd2 Nbd7 7. Bd3 c5 8. O-O b6 9. Ne5 Bb7 10. f4 Ne4 11. Rf3 f6 12. Nxd7 Qxd7 13. Rh3 g6 14. Rf3 Rac8 15. dxc5 Bxc5 16. Qe2 Qe7 17. Rff1 Nxd2 18. Qxd2 e5 19. fxe5 fxe5 20. Rxf8+ Rxf8 21. Rf1 Rxf1+ 22. Bxf1 Qg5 23. Bc1 Kg7 24. a3 d4 25. exd4 Bxd4+ 26. Kh1 Qf5 27. Bc4 Bd5 28. Ba6 Qg4 29. c3 Be3 30. Qxd5 Bxc1 31. Qxe5+ Kh6 32. Be2 Qg5 33. Qxg5+ Kxg5 34. g3 Bxa3 35. Kg2 Bb2 36. c4 Kf5 37. Kf3 Ke5 38. Ke3 Bd4+ 39. Kf3 a5 40. h3 Bc5 41. Kg4 Kd4 42. Bd1 Ke3 43. Kg5 Kf2 44. Kh6 Kxg3 45. Kxh7 g5 46. Bg4 Kf2 47. Kg6 Be3 48. Kf5 Ke1 49. Ke6 Kd2 50. Kd5 Kc2 51. Bd7 Kxb3 52. c5 Bxc5 0-1

[Event "December 5 Early 2023"]
[Site "https://www.chess.com"]
[Date "2023.12.05"]
[Round "10"]
[White "Malyi, Viacheslav"]
[Black "Kovalyov, Eduard"]
[Result "1/2-1/2"]
[Board "96"]
[TimeControl "180+1"]
[WhiteFideId "14123983"]
[BlackFideId "14118033"]
[WhiteElo "2565"]
[BlackElo "2425"]
[WhiteTeam "UKR"]
[BlackTeam "UKR"]
[WhiteClock "0:00:36"]
[BlackClock "0:00:28"]

1. e4 e5 2. Nf3 Nc6 3. Bb5 a6 4. Bxc6 dxc6 5. O-O f6 6. d4 exd4 7. Nxd4 c5 8. Nb3 Qxd1 9. Rxd1 Bd7 10. Bf4 O-O-O 11. Nc3 Be6 12. Rxd8+ Kxd8 13. Rd1+ Kc8 14. Nd5 Bxd5 15. Rxd5 b6 16. c4 Ne7 17. Rd1 g5 18. Bg3 h5 19. h3 Ng6 20. Nd2 h4 21. Bh2 Bd6 22. Bxd6 cxd6 23. Nf1 Kc7 24. Ne3 Kc6 25. Nd5 Rf8 26. f3 b5 27. Ne3 Ne5 28. cxb5+ axb5 29. a3 c4 30. Kf1 Rb8 31. Nd5 Rf8 32. Ke2 Kc5 33. Nb4 Rd8 34. Rd5+ Kb6 35. Rd2 Kc5 36. Ke3 Rd7 37. Rd5+ Kb6 38. Rd2 Kc5 39. Nd5 Rf7 40. Nb4 Rd7 1/2-1/2

[Event "December 5 Early 2023"]
[Site "https://www.chess.com"]
[Date "2023.12.05"]
[Round "10"]
[White "Ginzburg, Yakov"]
[Black "Bochnicka, Vladimir"]
[Result "1-0"]
[Board "97"]
[TimeControl "180+1"]
[WhiteFideId "4157176"]
[BlackFideId "14943450"]
[WhiteElo "2559"]
[BlackElo "2417"]
[WhiteTeam "RUS"]
[BlackTeam "SVK"]
[WhiteClock "0:01:23"]
[BlackClock "0:00:02"]

1. e4 e5 2. Nf3 Nc6 3. Bb5 a6 4. Bxc6 dxc6 5. O-O Bd6 6. d4 exd4 7. Qxd4 f6 8. Nbd2 Be6 9. h3 Ne7 10. Nc4 Ng6 11. Nxd6+ Qxd6 12. Be3 Qxd4 13. Nxd4 Bf7 14. b3 O-O-O 15. Nf5 Rhg8 16. Rad1 Be6 17. Nd4 Bd7 18. f3 c5 19. Ne2 b6 20. g4 h5 21. Kg2 hxg4 22. hxg4 Rh8 23. Rh1 Bb5 24. c4 Bc6 25. Rxh8 Rxh8 26. Ng3 a5 27. Nh5 Rh7 28. Kg3 Ne5 29. Rd2 a4 30. Bf4 axb3 31. axb3 Nd7 32. Be3 Ne5 33. Rd1 f5 34. Kf4 fxg4 35. fxg4 Ng6+ 36. Kf5 Ne7+ 37. Ke6 Bd7+ 38. Rxd7 Rh6+ 1-0

[Event "December 5 Early 2023"]
[Site "https://www.chess.com"]
[Date "2023.12.05"]
[Round "10"]
[White "Rogov, Matfey"]
[Black "Balla, Tamas-Kristof"]
[Result "1-0"]
[Board "98"]
[TimeControl "180+1"]
[WhiteFideId "44191308"]
[BlackFideId "1208497"]
[WhiteElo "2524"]
[BlackElo "2416"]
[WhiteTeam "RUS"]
[BlackTeam "ROU"]
[WhiteClock "0:01:09"]
[BlackClock "0:00:17"]

1. e4 c5 2. Nf3 Nc6 3. b4 cxb4 4. d4 d5 5. exd5 Qxd5 6. c4 bxc3 7. Nxc3 Qa5 8. Rb1 e6 9. Bd2 Bb4 10. Rxb4 Qxb4 11. d5 Nd4 12. Nb5 Nxf3+ 13. gxf3 Qc5 14. Be3 Qb4+ 15. Bd2 Qc5 16. a3 a5 17. Be3 Qe7 18. d6 Qh4 19. Nc7+ Kf8 20. Nxa8 Nf6 21. d7 Bxd7 22. Qd6+ Kg8 23. Bc5 h6 24. Bd3 1-0

[Event "December 5 Early 2023"]
[Site "https://www.chess.com"]
[Date "2023.12.05"]
[Round "10"]
[White "Vakhidov, Shahzod"]
[Black "Marchesich, Giovanni"]
[Result "1-0"]
[Board "99"]
[TimeControl "180+1"]
[WhiteFideId "14205270"]
[BlackFideId "2824790"]
[WhiteElo "2517"]
[BlackElo "2407"]
[WhiteTeam "UZB"]
[BlackTeam "ITA"]
[WhiteClock "0:00:41"]
[BlackClock "0:00:22"]

1. d4 Nf6 2. Nf3 c5 3. d5 b5 4. g3 Bb7 5. c4 bxc4 6. Nc3 g6 7. Bg2 Bg7 8. O-O d6 9. Nd2 Nbd7 10. Nxc4 O-O 11. a4 Rb8 12. Qc2 Nb6 13. Na5 Qc7 14. Nb5 Qd7 15. Nc6 Ra8 16. e4 a6 17. Nc3 Ng4 18. Bg5 Rfe8 19. a5 Nc4 20. Na4 Nce5 21. Nb6 Qc7 22. Nxa8 Bxa8 23. Nxe5 Nxe5 24. Bd2 Rb8 25. Bc3 e6 26. h3 Qb7 27. Rfd1 exd5 28. exd5 Nd7 29. Bxg7 Kxg7 30. Qc3+ Nf6 31. Bf1 Qxb2 32. Qxb2 Rxb2 33. Bxa6 Bxd5 34. Bf1 Rb8 35. a6 Rd8 36. Bg2 Bxg2 37. Kxg2 d5 38. Rdb1 Nd7 39. Rb7 c4 40. a7 Nc5 41. Rb8 1-0

[Event "December 5 Early 2023"]
[Site "https://www.chess.com"]
[Date "2023.12.05"]
[Round "10"]
[White "Tikhonov, Viacheslav"]
[Black "Hoffmann, Asa"]
[Result "1-0"]
[Board "100"]
[TimeControl "180+1"]
[WhiteFideId "44196407"]
[BlackFideId "2001470"]
[WhiteElo "2498"]
[BlackElo "2406"]
[WhiteTeam "RUS"]
[BlackTeam "USA"]
[WhiteClock "0:00:04"]
[BlackClock "0:00:38"]

1. e4 d6 2. d4 Nf6 3. Nc3 c6 4. a4 Qa5 5. Bd2 e5 6. Nd5 Qd8 7. Nxf6+ Qxf6 8. Bc3 Nd7 9. Nf3 Be7 10. Bc4 O-O 11. Bd2 h6 12. h4 Qg6 13. Qe2 Nb6 14. Bd3 Bg4 15. Qe3 Bxf3 16. gxf3 exd4 17. Qxd4 Qf6 18. Qxf6 Bxf6 19. a5 Nd7 20. O-O-O b6 21. h5 Nc5 22. Rhg1 Kh8 23. Bb4 Nxd3+ 24. Rxd3 c5 25. Bc3 Bxc3 26. Rxc3 Rad8 27. axb6 axb6 28. Rd1 f5 29. Rb3 fxe4 30. fxe4 Rxf2 31. Rxb6 Re2 32. Rbxd6 Rxd6 33. Rxd6 Rxe4 34. Rd5 c4 35. Kd2 Kg8 36. Kc3 Kf7 37. Rc5 Rh4 38. Rxc4 Rxh5 39. b4 Ke6 40. Rc6+ Kd7 41. Rg6 Rh3+ 42. Kb2 h5 43. Rxg7+ Kc6 44. Rg5 h4 45. c3 Rh1 46. Rh5 h3 47. Kb3 h2 48. Kc4 Kb6 49. Rh6+ Kc7 50. b5 Kb7 51. Rh7+ Kb6 52. Rh6+ Kb7 53. Rh4 Kb6 54. Rh3 Kb7 55. Kc5 Rc1 56. Rh7+ Kb8 57. Rxh2 Rxc3+ 58. Kb6 Rc8 59. Rh7 Re8 60. Rf7 Rd8 61. Kc6 Rc8+ 62. Kb6 Re8 63. Rc7 Re6+ 64. Rc6 Re8 65. Kc5 Rf8 66. Kd6 Rg8 67. Kc5 Rf8 68. Kb4 Re8 69. Ka5 Rf8 70. Rd6 Re8 71. Rf6 Rd8 72. Ka6 Re8 73. Rg6 Rd8 74. Kb6 Re8 75. Rd6 Rf8 76. Kc6 Re8 77. Rf6 Rc8+ 78. Kd6 Rg8 79. Re6 Rf8 80. Kd7 Rg8 81. Kc6 Rf8 82. Re7 Rg8 83. Kc5 Rf8 84. Rd7 Re8 85. Rf7 Rd8 86. Kb6 Rg8 87. Re7 Rf8 88. Ka6 Rg8 89. b6 Rf8 90. Rg7 Re8 91. Kb5 Rf8 92. Kc6 Re8 93. Rd7 Rf8 94. Rc7 Rf6+ 95. Kb5 Rf8 96. Ka6 Rg8 97. Rb7+ Ka8 98. Rf7 Re8 99. Kb5 Rg8 100. Rd7 Rf8 101. Kc6 Re8 102. Kc7 Rg8 103. b7+ Ka7 104. Rf7 Rb8 105. Kc6 Ka6 106. Rf2 Ka5 107. Ra2+ Kb4 108. Kc7 Rxb7+ 109. Kxb7 1-0

[Event "December 5 Early 2023"]
[Site "https://www.chess.com"]
[Date "2023.12.05"]
[Round "10"]
[White "Kurmangaliyeva, Liya"]
[Black "Manon-og, Ramon Jr."]
[Result "1-0"]
[Board "101"]
[TimeControl "180+1"]
[WhiteFideId "13725831"]
[BlackFideId "5200776"]
[WhiteElo "2497"]
[BlackElo "2401"]
[WhiteTeam "KAZ"]
[BlackTeam "PHI"]
[WhiteClock "0:00:17"]
[BlackClock "0:00:09"]

1. d4 Nf6 2. c4 g6 3. h4 d5 4. cxd5 Nxd5 5. h5 c5 6. hxg6 fxg6 7. e4 Nf6 8. e5 Nd5 9. Bd3 Bg7 10. Rxh7 Rxh7 11. Bxg6+ Kd7 12. Bxh7 Qh8 13. Be4 Qh1 14. Kf1 e6 15. Bxd5 exd5 16. Qg4+ Kc7 17. Qxg7+ Kc6 18. Be3 b6 19. Nc3 Ba6+ 20. Ne2 Bd3 21. Ke1 Na6 22. Kd2 c4 23. Rc1 Nb4 24. Nf3 Qh5 25. Qf6+ Kb7 26. Qe7+ Ka6 27. Qxb4 Qf5 28. Qa4+ Kb7 29. Ng3 Qg4 30. Qb5 Rd8 31. Qb4 a5 32. Qe7+ Rd7 33. Qg5 Qe6 34. Rh1 Qc6 35. e6 Qb5 36. exd7 Qxb2+ 37. Ke1 Qb1+ 38. Bc1 Qb4+ 39. Qd2 Qe7+ 40. Ne5 Qxd7 41. Nxd3 cxd3 42. Qxd3 Qc6 43. Rh7+ Kb8 44. Bd2 Qe6+ 45. Kf1 1-0

[Event "December 5 Early 2023"]
[Site "https://www.chess.com"]
[Date "2023.12.05"]
[Round "10"]
[White "Melikhov, Evgeny V."]
[Black "Herman, Matthew"]
[Result "0-1"]
[Board "103"]
[TimeControl "180+1"]
[WhiteFideId "4122046"]
[BlackFideId "2028964"]
[WhiteElo "2386"]
[BlackElo "2488"]
[WhiteTeam "GRE"]
[BlackTeam "USA"]
[WhiteClock "0:00:27"]
[BlackClock "0:00:06"]

1. d4 Nf6 2. c4 g6 3. Nc3 Bg7 4. e4 d6 5. f3 O-O 6. Be3 e5 7. d5 Nh5 8. Qd2 Qh4+ 9. Bf2 Qe7 10. O-O-O f5 11. Nge2 Nd7 12. Kb1 Ndf6 13. h3 f4 14. Nc1 Ng3 15. Rg1 Bd7 16. Bd3 a6 17. Bc2 b5 18. Bb3 b4 19. N3e2 Ngxe4 20. fxe4 Nxe4 21. Qe1 a5 22. Bc2 Nxf2 23. Qxf2 e4 24. Nd4 a4 25. Rge1 e3 26. Qf3 a3 27. Ne6 axb2 28. Nb3 Rxa2 29. Nbd4 Rfa8 30. Bb3 Ra1+ 31. Kxb2 Bxe6 32. dxe6 Qf6 33. Rxa1 Qxd4+ 34. Kc2 Qc3+ 35. Kd1 Rxa1+ 36. Ke2 Qxe1+ 37. Kd3 Qd2+ 38. Ke4 Qd4# 0-1

[Event "December 5 Early 2023"]
[Site "https://www.chess.com"]
[Date "2023.12.05"]
[Round "10"]
[White "Mazurkiewicz, Michal"]
[Black "Marcziter, Dmitrii"]
[Result "1-0"]
[Board "104"]
[TimeControl "180+1"]
[WhiteFideId "1124943"]
[BlackFideId "13900765"]
[WhiteElo "2486"]
[BlackElo "2385"]
[WhiteTeam "POL"]
[BlackTeam "GER"]
[WhiteClock "0:00:22"]
[BlackClock "0:00:37"]

1. e4 c5 2. Nf3 a6 3. g3 Nc6 4. Bg2 g6 5. O-O Bg7 6. d3 e5 7. Nc3 Nge7 8. a4 Rb8 9. Nd5 Nxd5 10. exd5 Ne7 11. d6 Nc6 12. Be3 b6 13. Nd2 O-O 14. Nc4 Bb7 15. a5 b5 16. Nb6 Nxa5 17. Nd5 Bxd5 18. Bxd5 Rc8 19. Qd2 b4 20. Bg5 Qb6 21. Be7 Nb7 22. Bxf8 Rxf8 23. Bxb7 Qxb7 24. Qe3 Qc6 25. Ra5 Rc8 26. Rfa1 Qxd6 27. Rxa6 Qd5 28. Qe4 Qd4 29. Ra8 Rf8 30. Qxd4 exd4 31. R1a5 d6 32. Kg2 h5 33. Kf3 Kh7 34. Ke4 Rxa8 35. Rxa8 h4 36. Kd5 hxg3 37. hxg3 Be5 38. f4 Bf6 39. Kxd6 g5 40. Kxc5 g4 41. Kxb4 Kg6 42. Ra6 Kf5 43. Rxf6+ Kxf6 44. Kc4 Ke6 45. Kxd4 Kd6 46. Ke4 Kc6 47. Kf5 Kc5 48. Kxg4 Kd4 49. Kf5 Ke3 50. g4 Kd2 51. g5 Kxc2 52. Kf6 Kxd3 53. Kxf7 Kc2 54. g6 Kxb2 55. g7 Kc3 56. g8=Q Kd3 57. f5 Ke3 58. f6 Kf4 59. Ke8 Kf5 60. f7 Kf6 61. f8=Q+ Ke5 62. Qg5+ Kd4 63. Qff4+ Kd3 64. Qgg3+ Kc2 65. Qff2+ Kd1 66. Qgg1# 1-0

[Event "December 5 Early 2023"]
[Site "https://www.chess.com"]
[Date "2023.12.05"]
[Round "10"]
[White "Mohammed, Zozek Salah Mohammed"]
[Black "Lehtosaari, Mauri"]
[Result "1-0"]
[Board "105"]
[TimeControl "180+1"]
[WhiteFideId "4803361"]
[BlackFideId "501999"]
[WhiteElo "2370"]
[BlackElo "2482"]
[WhiteTeam "IRQ"]
[BlackTeam "FIN"]
[WhiteClock "0:00:35"]
[BlackClock "0:00:14"]

1. d4 d5 2. c4 c6 3. Nf3 Nf6 4. Nc3 dxc4 5. a4 Bf5 6. Ne5 Nbd7 7. Nxc4 Nb6 8. Ne5 a5 9. f3 Nfd7 10. Nxd7 Nxd7 11. e4 Bg6 12. Bc4 e5 13. Be3 Qb6 14. Qd2 exd4 15. Bxd4 Bc5 16. Bxg7 O-O-O 17. Bxh8 Rxh8 18. Rd1 Ne5 19. Qe2 Re8 20. Kf1 h5 21. g3 f5 22. Kg2 h4 23. Bd3 Nxd3 24. Qxd3 Qxb2+ 25. Rd2 h3+ 26. Kxh3 Qb3 27. Qd7+ Kb8 28. Rb1 Qf7 29. Rxb7+ Ka8 30. Qxf7 Bxf7 31. Rxf7 Bb4 32. Rc2 Rh8+ 33. Kg2 fxe4 34. Nxe4 Rd8 35. Rxc6 1-0

[Event "December 5 Early 2023"]
[Site "https://www.chess.com"]
[Date "2023.12.05"]
[Round "10"]
[White "Tabuenca Mendataurigoitia, Daniel"]
[Black "Barath1308"]
[Result "1-0"]
[Board "106"]
[TimeControl "180+1"]
[WhiteFideId "24563617"]
[WhiteElo "2481"]
[BlackElo "2364"]
[WhiteTeam "ESP"]
[WhiteClock "0:01:11"]
[BlackClock "0:00:39"]

1. Nf3 Nf6 2. Ng1 g6 3. Nf3 Bg7 4. g3 O-O 5. Bg2 c5 6. O-O Nc6 7. d3 e5 8. e4 d5 9. exd5 Nxd5 10. Nbd2 h6 11. c3 Be6 12. a4 b6 13. Re1 Re8 14. Nc4 Qc7 15. Qc2 Rad8 16. Bd2 g5 17. Rad1 Bf5 18. Bc1 Bg6 19. h4 g4 20. Nh2 h5 21. f3 f5 22. fxg4 hxg4 23. Bg5 Nf6 24. Nf1 f4 25. Bxc6 Qxc6 26. Nxe5 Rxe5 27. Rxe5 fxg3 28. Qg2 Qxa4 29. Ree1 Rxd3 30. Rxd3 Bxd3 31. Qxg3 Nh5 32. Qxd3 Qc6 33. Qf5 g3 34. Re6 Qd7 35. Qg6 1-0

[Event "December 5 Early 2023"]
[Site "https://www.chess.com"]
[Date "2023.12.05"]
[Round "10"]
[White "Pourkashiyan, Atousa"]
[Black "Seder, Mohammed"]
[Result "1-0"]
[Board "107"]
[TimeControl "180+1"]
[WhiteFideId "12502014"]
[BlackFideId "11505567"]
[WhiteElo "2474"]
[BlackElo "2364"]
[WhiteTeam "USA"]
[BlackTeam "PLE"]
[WhiteClock "0:00:42"]
[BlackClock "0:00:07"]

1. a3 a6 2. b4 b5 3. Bb2 Bb7 4. Nf3 Nf6 5. g3 g6 6. Bg2 Bg7 7. O-O O-O 8. d3 d6 9. c4 Nbd7 10. Nbd2 e5 11. Rc1 c5 12. Qb3 Qb6 13. a4 bxa4 14. Qxa4 Qxb4 15. Qa2 Bc6 16. Bc3 Qa4 17. Qxa4 Bxa4 18. Ne1 Rac8 19. Ra1 Bc6 20. Rxa6 Bxg2 21. Kxg2 Ne8 22. Nc2 f5 23. Ne3 Ndf6 24. Rb1 Rd8 25. Rb7 f4 26. Nef1 Rd7 27. Rxd7 Nxd7 28. Ne4 Nb8 29. Rb6 Nd7 30. Rc6 Nb8 31. Rc8 Na6 32. Nfd2 h6 33. Nb3 g5 34. Na5 g4 35. gxf4 exf4 36. Bxg7 Kxg7 37. Nb7 Nb4 38. Nbxd6 Nxd6 39. Nxd6 Rxc8 40. Nxc8 Nc2 41. Nd6 Kg6 42. Ne4 Nd4 43. e3 fxe3 44. fxe3 Ne6 45. Kg3 Kf5 46. Nd6+ Ke5 47. Nf7+ Kf6 48. Nxh6 Kg5 49. Nxg4 Ng7 50. h4+ Kh5 51. Nf6+ Kg6 52. Nd5 Nf5+ 53. Kg4 Nd6 54. h5+ Kh6 55. Ne7 Nf7 56. Nf5+ Kh7 57. Kf4 Kg8 58. d4 cxd4 59. exd4 Nd8 60. c5 Ne6+ 61. Ke5 Ng5 62. c6 Nf3+ 63. Ke4 Kh7 64. Kxf3 Kg8 65. c7 Kh7 66. Ke4 Kg8 67. c8=Q+ Kf7 68. Qd7+ Kf8 69. Qe7+ Kg8 70. Qg7# 1-0

[Event "December 5 Early 2023"]
[Site "https://www.chess.com"]
[Date "2023.12.05"]
[Round "10"]
[White "Tharushi, T H D Niklesha"]
[Black "Omariev, Maksim"]
[Result "1/2-1/2"]
[Board "108"]
[TimeControl "180+1"]
[WhiteFideId "9918264"]
[BlackFideId "4193423"]
[WhiteElo "2338"]
[BlackElo "2474"]
[WhiteTeam "SRI"]
[BlackTeam "RUS"]
[WhiteClock "0:01:14"]
[BlackClock "0:00:05"]

1. e4 c5 2. Nf3 d6 3. d4 cxd4 4. Nxd4 Nf6 5. Nc3 a6 6. Bg5 Nbd7 7. f4 Qc7 8. Qf3 h6 9. Bh4 g5 10. fxg5 hxg5 11. Bxg5 Qc5 12. Bxf6 Nxf6 13. Nb3 Qg5 14. Bc4 Bg4 15. Qf2 Qe5 16. h3 Rc8 17. Nd2 b5 18. Bb3 b4 19. Ne2 Be6 20. O-O Bh6 21. Bxe6 fxe6 22. Nd4 Bxd2 23. Qxd2 Nxe4 24. Qxb4 Rg8 25. Qa4+ Kd8 26. Nc6+ Rxc6 27. Qxc6 Rxg2+ 28. Kxg2 Qg3+ 29. Kh1 Qxh3+ 30. Kg1 Qg3+ 31. Kh1 Qh3+ 32. Kg1 Qg3+ 33. Kh1 Qh3+ 1/2-1/2

[Event "December 5 Early 2023"]
[Site "https://www.chess.com"]
[Date "2023.12.05"]
[Round "10"]
[White "yaguigor"]
[Black "Yurasova, Daria"]
[Result "1-0"]
[Board "109"]
[TimeControl "180+1"]
[BlackFideId "34146919"]
[WhiteElo "2335"]
[BlackElo "2456"]
[BlackTeam "RUS"]
[WhiteClock "0:00:36"]
[BlackClock "0:00:05"]

1. e4 e5 2. Nf3 Nc6 3. Bb5 a6 4. Ba4 Nf6 5. O-O b5 6. Bb3 Bc5 7. a4 Bb7 8. d3 d6 9. Nc3 b4 10. Nd5 Na5 11. Bg5 Nxb3 12. Bxf6 gxf6 13. cxb3 Bxd5 14. exd5 Qd7 15. d4 Bb6 16. a5 Ba7 17. Qd3 Qg4 18. h3 Qg6 19. Qc4 O-O 20. Qxb4 Kh8 21. Qc4 Rg8 22. g3 Qe4 23. Nh2 Qxd4 24. Qxd4 Bxd4 25. Kg2 Bxb2 26. Ra2 Bd4 27. Rc1 Ra7 28. Rc4 Rb8 29. b4 Kg8 30. Nf3 Kf8 31. Nxd4 exd4 32. Rxd4 Rb5 33. Rc2 Rab7 34. Rcc4 Ke7 35. Kf3 Kd7 36. Kg4 Ke7 37. Kh5 c5 38. Re4+ Kd7 39. bxc5 Rxc5 40. Rcd4 Rxa5 41. Kh6 Rbb5 42. Kxh7 Rxd5 43. Rxd5 Rxd5 44. Kg7 f5 45. Re2 a5 46. h4 f4 47. g4 Rd1 48. h5 f3 49. Re4 d5 50. Rf4 d4 51. h6 Ke6 52. h7 Rh1 53. Rxd4 Ke5 54. Ra4 Kd5 55. Rxa5+ Ke4 56. Rh5 1-0

[Event "December 5 Early 2023"]
[Site "https://www.chess.com"]
[Date "2023.12.05"]
[Round "10"]
[White "Skibbe, Willi"]
[Black "Filipovic, Slobodan J"]
[Result "1-0"]
[Board "110"]
[TimeControl "180+1"]
[WhiteFideId "4682190"]
[BlackFideId "939633"]
[WhiteElo "2326"]
[BlackElo "2450"]
[WhiteTeam "GER"]
[BlackTeam "SRB"]
[WhiteClock "0:00:12"]
[BlackClock "0:00:09"]

1. e4 c5 2. c3 d5 3. exd5 Qxd5 4. Nf3 Nc6 5. Na3 Bf5 6. d4 cxd4 7. Nb5 O-O-O 8. Nbxd4 e5 9. Bg5 f6 10. Nxf5 Qe4+ 11. Qe2 Qxf5 12. Be3 g5 13. Nd2 g4 14. O-O-O h5 15. g3 Kb8 16. Bg2 Rc8 17. Nb3 Nh6 18. Qb5 Rh7 19. Bxc6 Rxc6 20. Rd8+ Rc8 21. Rhd1 Rc7 22. Qa5 b6 23. Qa6 Nf7 24. Rxc8+ Qxc8 25. Qxc8+ Kxc8 26. Kc2 Nd6 27. Nd2 f5 28. Bg5 Kd7 29. Re1 Ke6 30. Bf4 Bg7 31. b3 Rc6 32. c4 Bf6 33. Be3 e4 34. Bf4 Nf7 35. Nf1 Be5 36. Rd1 Bxf4 37. gxf4 Nd6 38. Ne3 b5 39. Kc3 bxc4 40. bxc4 Nb7 41. Rd5 Nd6 42. Re5+ Kf6 43. Nd5+ Kf7 44. Ne3 Kf6 45. Kd4 a6 46. Kd5 Rb6 47. c5 Rb5 48. Kxd6 Rxc5 49. Rxc5 h4 50. Rxf5+ Kg6 51. Rg5+ Kh6 52. Rxg4 h3 53. Ke6 a5 54. Kf6 a4 55. Rh4# 1-0

[Event "December 5 Early 2023"]
[Site "https://www.chess.com"]
[Date "2023.12.05"]
[Round "10"]
[White "Liu, Casper"]
[Black "Shubhi Gupta"]
[Result "1-0"]
[Board "111"]
[TimeControl "180+1"]
[WhiteFideId "1454153"]
[BlackFideId "25195425"]
[WhiteElo "2443"]
[BlackElo "2306"]
[WhiteTeam "DEN"]
[BlackTeam "IND"]
[WhiteClock "0:00:46"]
[BlackClock "0:00:12"]

1. d4 d5 2. Bf4 c5 3. e3 Nc6 4. Nf3 Nf6 5. Be2 Bf5 6. O-O e6 7. h3 Bd6 8. Bxd6 Qxd6 9. c4 cxd4 10. Nxd4 Nxd4 11. Qxd4 O-O 12. Nc3 e5 13. Qd2 Rfd8 14. Rfd1 Be6 15. cxd5 Nxd5 16. Bf3 e4 17. Bxe4 Nxc3 18. Qxd6 Rxd6 19. bxc3 Rb6 20. a4 f5 21. a5 Rb2 22. Rd6 Kf7 23. Bf3 Rc8 24. a6 b6 25. Bc6 Rc2 26. Bd7 Bxd7 27. Rxd7+ Kf6 28. Rxa7 R2xc3 29. Rb7 Rb3 30. a7 1-0

[Event "December 5 Early 2023"]
[Site "https://www.chess.com"]
[Date "2023.12.05"]
[Round "10"]
[White "Todorovic, Bojan"]
[Black "Rodriguez Santiago, Jaime"]
[Result "1-0"]
[Board "112"]
[TimeControl "180+1"]
[WhiteFideId "917087"]
[BlackFideId "3100898"]
[WhiteElo "2439"]
[BlackElo "2290"]
[WhiteTeam "SRB"]
[BlackTeam "PUR"]
[WhiteClock "0:00:14"]
[BlackClock "0:00:36"]

1. Nf3 Nf6 2. c4 e6 3. Nc3 d5 4. d4 c5 5. cxd5 Nxd5 6. e4 Nxc3 7. bxc3 cxd4 8. cxd4 Bb4+ 9. Bd2 Bxd2+ 10. Qxd2 O-O 11. Bc4 Nd7 12. O-O b6 13. d5 Nc5 14. Qe3 exd5 15. Bxd5 Rb8 16. Rad1 Qe7 17. Ng5 h6 18. Nxf7 Rxf7 19. Qf4 Rb7 20. Bxf7+ Qxf7 21. Rd8+ Kh7 22. Qxf7 Rxf7 23. Rxc8 Nxe4 24. f3 Nc5 25. Re1 Rd7 26. Re2 Kg6 27. h4 Rd4 28. g3 Rd3 29. Kg2 Ra3 30. g4 Nd3 31. Kg3 Kf6 32. Rc6+ Kf7 33. Rc7+ Kf6 34. Ree7 Ne5 35. Rxg7 Rxf3+ 36. Kg2 Ra3 37. Rxa7 Rc3 38. g5+ hxg5 39. Rxg5 Nf3 40. Rg4 Ne1+ 41. Kf2 Nd3+ 42. Ke2 Ne5 43. Rf4+ Kg6 44. Re7 Nc6 45. Re6+ Kg7 46. Kd2 Rc5 47. Rff6 Nb4 48. a4 Nd5 49. Rg6+ Kf7 50. Rc6 Ra5 51. Rg4 b5 52. Rc5 Nf6 53. Rf4 Rxa4 54. Rc7+ Kg6 55. Rxa4 bxa4 56. Ra7 Kh5 57. Rxa4 Ng4 58. Ke2 Kxh4 59. Kf3 Kh3 60. Rxg4 1-0

[Event "December 5 Early 2023"]
[Site "https://www.chess.com"]
[Date "2023.12.05"]
[Round "10"]
[White "Eilers, Stefan"]
[Black "Palmer, Reegan"]
[Result "1-0"]
[Board "113"]
[TimeControl "180+1"]
[WhiteFideId "4609565"]
[BlackFideId "14322145"]
[WhiteElo "2436"]
[BlackElo "2243"]
[WhiteTeam "GER"]
[BlackTeam "RSA"]
[WhiteClock "0:00:15"]
[BlackClock "0:00:03"]

1. d4 Nf6 2. Bg5 c5 3. dxc5 Qa5+ 4. Nc3 Qxc5 5. Bxf6 gxf6 6. e4 h5 7. Nf3 a6 8. Qd4 Qc7 9. O-O-O Nc6 10. Nd5 Qa5 11. Qc4 b5 12. Qb3 d6 13. Kb1 Be6 14. c3 Rc8 15. Be2 Qd8 16. Nd4 Na5 17. Qc2 Nc4 18. Nxe6 fxe6 19. Nf4 e5 20. Bxh5+ Kd7 21. Bg4+ Kc6 22. Ne6 Qb6 23. Nd4+ exd4 24. Bxc8 Bh6 25. Be6 dxc3 26. Bxc4 bxc4 27. Qxc3 Qc5 28. Rd5 Qxf2 29. Qxc4+ Kd7 30. Rhd1 Rc8 31. Qa4+ Ke6 32. Qb3 Qe3 33. Rxd6+ Ke5 34. Qd5+ Kf4 35. Qf5# 1-0

[Event "December 5 Early 2023"]
[Site "https://www.chess.com"]
[Date "2023.12.05"]
[Round "10"]
[White "Azar, Sebastien"]
[Black "Dimitrijevic, Darko"]
[Result "0-1"]
[Board "114"]
[TimeControl "180+1"]
[WhiteFideId "2640198"]
[BlackFideId "14500892"]
[WhiteElo "2435"]
[BlackElo "2228"]
[WhiteTeam "CAN"]
[BlackTeam "CRO"]
[WhiteClock "0:00:00"]
[BlackClock "0:00:17"]

1. e4 d6 2. d4 Nf6 3. Nc3 c6 4. a4 e5 5. Nf3 Nbd7 6. Bc4 Be7 7. O-O O-O 8. Bb3 Qc7 9. Re1 b6 10. Bg5 Bb7 11. Qe2 a6 12. Rad1 b5 13. h3 Rfe8 14. dxe5 dxe5 15. axb5 axb5 16. Rd2 Nc5 17. Bxf6 Bxf6 18. Nd1 Nxb3 19. cxb3 Bc8 20. Ne3 Be6 21. Rc1 Rec8 22. Qd1 Be7 23. g4 Bb4 24. Rd3 h6 25. Nh4 Ra2 26. Nd5 Qa5 27. Nxb4 Qxb4 28. Qe2 c5 29. Rdc3 Bxb3 30. Nf5 c4 31. Rxb3 Qxb3 32. Ne7+ Kf8 33. Nxc8 Qxb2 34. Qe3 Kg8 35. Rd1 Qe2 36. Rd8+ Kh7 37. Qg3 Ra1+ 38. Kh2 Qxe4 39. Nd6 Qg6 40. Nf5 b4 41. Qe3 b3 42. Qb6 Qxb6 43. Kg2 b2 0-1

[Event "December 5 Early 2023"]
[Site "https://www.chess.com"]
[Date "2023.12.05"]
[Round "10"]
[White "Osmonbekov, Talaibek"]
[Black "Burmakin, Evgeniy"]
[Result "0-1"]
[Board "115"]
[TimeControl "180+1"]
[WhiteFideId "2017253"]
[BlackFideId "4163729"]
[WhiteElo "2224"]
[BlackElo "2432"]
[WhiteTeam "USA"]
[BlackTeam "RUS"]
[WhiteClock "0:00:00"]
[BlackClock "0:00:23"]

1. d4 Nf6 2. Nc3 g6 3. e4 d6 4. Bf4 Bg7 5. Qd2 Nc6 6. O-O-O d5 7. e5 Ne4 8. Nxe4 dxe4 9. Bb5 O-O 10. Bxc6 bxc6 11. Qe3 Qd5 12. Kb1 Be6 13. b3 Rfb8 14. Ne2 a5 15. Nc3 Qd7 16. Na4 Qd5 17. Rhe1 Bf5 18. h3 h5 19. Ka1 Rb4 20. a3 Rxa4 21. bxa4 Be6 22. c4 Qxc4 23. Rd2 Rb8 24. Rb1 Rxb1+ 25. Kxb1 Qxa4 26. Kb2 Qb5+ 27. Ka1 Bd5 28. Qc3 Qf1+ 29. Kb2 a4 30. g3 Qxh3 31. Be3 Qf1 32. Qb4 e6 0-1

[Event "December 5 Early 2023"]
[Site "https://www.chess.com"]
[Date "2023.12.05"]
[Round "10"]
[White "Vivaan Vishal Shah"]
[Black "Barbot, Pierre"]
[Result "1-0"]
[Board "116"]
[TimeControl "180+1"]
[WhiteFideId "25184237"]
[BlackFideId "663727"]
[WhiteElo "2541"]
[BlackElo "2317"]
[WhiteTeam "IND"]
[BlackTeam "FRA"]
[WhiteClock "0:00:48"]
[BlackClock "0:00:02"]

1. d4 Nf6 2. c4 g6 3. g3 Bg7 4. Bg2 d5 5. cxd5 Nxd5 6. Nc3 Nb6 7. Nf3 O-O 8. O-O Nc6 9. e3 Re8 10. h3 a5 11. d5 Nb4 12. e4 c6 13. a3 Na6 14. dxc6 bxc6 15. Qc2 Be6 16. Rd1 Qc8 17. Ng5 Bc4 18. b3 Be6 19. Be3 Rb8 20. Rab1 Nc7 21. Bf4 Rb7 22. Ne2 h6 23. Nf3 Nb5 24. Bc1 Rc7 25. Bb2 Bxb2 26. Qxb2 Bxh3 27. Nf4 Bxg2 28. Kxg2 Nd7 29. Rh1 Nf6 30. Rxh6 Kg7 31. Rbh1 Qg4 32. Rh8 Rxh8 33. Rxh8 Kxh8 34. Ne5 Qc8 35. Nxf7+ Kg7 36. Ng5 Rd7 37. e5 Rd4 38. Nfe6+ Kh6 39. Nxd4 Nxd4 40. Qxd4 Kxg5 41. Qf4+ Kh5 42. Qh4# 1-0